Map: Automne céruléen EC

Players

BZG

  • Race: Protoss Protoss
  • League: Gold
  • Spawn Location: 7:00

zidar - Winner!

  • Race: Zerg Zerg
  • League: Silver
  • Spawn Location: 1:00

VOD

Have the link to the VOD?

Description

Time

  • Played on: Dec. 29, 2018, 12:35 p.m.
  • Length: 6:44
Show
View Real Time Build Order
Export as new Build Order

BZG Protoss 

Build Orders:  

Get SALT Encoding   

  12  0:01  Probe  
  13  0:12  Probe  
  14  0:19  Pylon  
  14  0:20  Probe  
  15  0:35  Probe  
  15  0:42  Gateway  
  16  0:47  Probe  
  16  0:49  Assimilator  
  17  0:59  Probe  
  18  1:08  Probe  
  18  1:16  Probe  
  19  1:20  Forge  
  20  1:31  Zealot  
  22  1:32  Cybernetics Core  
  22  1:53  Nexus  
  22  2:00  Warp Gate  
  22  2:04  Pylon  
  22  2:09  Assimilator  
  22  2:23  Pylon  
  22  2:25  Stalker  
  24  2:41  Twilight Council  
  23  3:02  Probe  
  24  3:14  Probe  
  24  3:16  Probe  
  24  3:17  Photon Cannon  
  26  3:26  Probe  
  27  3:38  Probe  
  28  3:45  Probe  
  28  3:49  Pylon  
  28  3:53  Probe  
  30  4:03  Probe  
  31  4:14  Gateway  
  15  4:29  Photon Cannon  
  5  4:40  Photon Cannon  
  5  4:49  Assimilator  
  5  5:00  Probe  
  6  5:08  Probe  
  7  5:43  Pylon  
  5  5:55  Probe  
  1  6:07  Probe  
  2  6:19  Probe  
Show
View Real Time Build Order
Export as new Build Order

zidar Zerg - Winner!

Build Orders: Pool First 

Get SALT Encoding   

  12  0:01  Drone  
  13  0:12  Overlord  
  13  0:17  Drone  
  14  0:30  Drone x2  
  14  0:34  Drone  
  17  0:49  Spawning Pool  
  16  0:51  Drone  
  17  1:20  Extractor, Drone  
  17  1:22  Hatchery  
  17  1:23  Drone  
  17  1:38  Queen  
  19  1:49  Drone  
  19  1:51  Zergling x2  
  19  1:52  Zergling x2  
  22  2:01  Overlord  
  22  2:19  Queen  
  24  2:23  Metabolic Boost  
  24  2:26  Drone x2  
  24  3:00  Zergling x16  
  31  3:19  Roach Warren  
  30  3:27  Overlord x2  
  30  3:29  Zergling x2  
  30  3:30  Zergling x4  
  33  3:56  Zergling x12  
  33  4:45  Roach x2  
  37  4:46  Roach x3  
  37  4:49  Overlord x4  
  30  6:05  Zergling x2  
  30  6:06  Zergling x24  
  30  6:07  Zergling x4  
  45  6:21  Drone x2  
  45  6:40  Hatchery  
Tags
 
Add a new tag
Caveats
  • Supply blocks, unpowered buildings, or Contaminate may cause inaccurate times.
  • Supply counts are checked every 10 seconds.